 Dungeon Crawl Stone Soup version 0.27.0-1-g7a089689b8 (webtiles) character file.

Game seed: 4185674684852757932

388 hawla the Covert (level 6, 0/38 HPs)
             Began as a Deep Elf Delver on Aug 8, 2021.
             Was a Follower of Ashenzari.
             Slain by Eustachio (11 damage)
             ... on level 5 of the Dungeon.
             The game lasted 00:12:10 (3767 turns).

hawla the Covert (Deep Elf Delver)                  Turns: 3767, Time: 00:12:11

Health: 0/38       AC:  3    Str:  9    XL:     6   Next: 49%
Magic:  8/8        EV: 16    Int: 17    God:    Ashenzari [*.....]
Gold:   151        SH:  0    Dex: 16    Spells: 3/5 levels left

rFire    . . .     SeeInvis .   o - +3 dagger (speed)
rCold    . . .     Faith    .   (no shield)
rNeg     . . .     Spirit   .   b - +0 leather armour
rPois    .         Reflect  .   (no helmet)
rElec    .         Harm     .   (no cloak)
rCorr    .         Rampage  .   (no gloves)
Will     .....                  (no boots)
Stlth    ++++......             n - amulet of the Prophetic Burden {RegenMP, Bglg, Self} (curse)
HPRegen  0.12/turn              j - ring "Overhang to Understand" {EV+4, Comp, Evo} (curse)
MPRegen  0.36/turn              l - ring of flight

@: lethally poisoned (0 -> -6), flying
A: no striking features
a: Renounce Religion, Curse Item, Shatter the Chains


You were on level 5 of the Dungeon.
You worshipped Ashenzari.
Ashenzari was aware of your devotion.
You visited 2 branches of the dungeon, and saw 6 of its levels.

You collected 151 gold pieces.

Inventory:

Hand Weapons
 h - a +1 dagger of venom
 o - a +3 dagger of speed (weapon)
Missiles
 p - 5 datura-tipped darts (quivered)
 q - 10 boomerangs
Armour
 b - a +0 leather armour (worn)
Jewellery
 j - the cursed ring "Overhang to Understand" (left hand) {EV+4, Comp, Evo}
   (You found it on level 1 of the Dungeon)

   [ring of evasion]

   EV:        It affects your evasion (+4).
   It has a curse which improves the following skills: Companions: Summonings
   and Necromancy.
   Evocations: Evocations.
 l - a ring of flight (right hand)
 n - the cursed amulet of the Prophetic Burden (around neck) {RegenMP, Bglg, Self}
   (You found it on level 3 of the Dungeon)

   [amulet of magic regeneration]

   It increases your rate of magic regeneration.
   It has a curse which improves the following skills: Beguiling: Conjurations,
   Hexes and Translocations.
   Introspection: Fighting and Spellcasting.
Wands
 g - a wand of digging (3)
Scrolls
 c - 3 scrolls of fog
 d - 2 scrolls of magic mapping
 e - a scroll of fear
 k - a scroll of silence
 u - a scroll of blinking
 v - a scroll of teleportation
Potions
 f - a potion of haste
 m - 3 potions of curing
 r - a potion of flight
 s - a potion of brilliance


   Skills:
 + Level 3.0(3.9) Fighting
 + Level 3.8 Short Blades
 + Level 3.4 Dodging
 - Level 9.0 Stealth


You had 3 spell levels left.
You knew the following spells:

 Your Spells              Type           Power      Damage    Failure   Level
a - Corpse Rot            Necr/Air       N/A        N/A       45%         2

Your spell library contained the following spells:

 Spells                   Type           Power      Damage    Failure   Level
 Inner Flame              Hex/Fire       0%         N/A       69%         3
 Ozocubu's Armour         Ice            0%         N/A       69%         3
 Cause Fear               Hex            0%         N/A       97%         4
 Dispel Undead            Necr           0%         3d6       97%         4
 Metabolic Englaciation   Hex/Ice        0%         N/A       100%        5
 Death Channel            Necr           0%         N/A       100%        6
 Simulacrum               Ice/Necr       0%         N/A       100%        6
 Discord                  Hex            0%         N/A       100%        8


Dungeon Overview and Level Annotations

Branches:
Dungeon (5/15)             Temple (1/1) D:5

Altars:
Ashenzari
Cheibriados
Elyvilon
Fedhas
Hepliaklqana
Makhleb
Nemelex Xobeh
Okawaru
Qazlal
Ru
Trog
Uskayaw
Wu Jian
Xom
Yredelemnul

Shops:
D:2 :

Annotations:
D:5 Eustachio


Message History

Eustachio hits the iron imp with a +3 rapier of venom.
The ufetubus closely misses you. The ufetubus barely misses you.
Throw: 6 darts (datura)
Press: ? - help, Q - select action, (/) - cycle Shift-Dir - straight line, f/p - Eustachio
Aim: Eustachio, wielding a +3 rapier of venom and wearing a +0 leather armour (almost dead, fast, strong, frenzied and insane, poisoned, 50% to hit, immune)
You throw a datura-tipped dart. The datura-tipped dart hits the rat.
The rat flies into a frenzy!
The rat closely misses the white imp.
Eustachio hits the river rat with a +3 rapier of venom!
The river rat dies!
The river rat's corpse disappears in a puff of smoke!
The ufetubus closely misses you. x2; The white imp closely misses you.
The rat bites the ufetubus.
Eustachio hits the iron imp with a +3 rapier of venom!
The rat closely misses the white imp.
The white imp completely misses you.
Eustachio hits the iron imp with a +3 rapier of venom.
The ufetubus hits you but does no damage.
The ufetubus hits you.
The ufetubus disappears in a puff of smoke!
The iron imp disappears in a puff of smoke!
The rat bites the white imp.
The white imp gestures at you. The puff of frost hits you!
The rat barely misses Eustachio.
Eustachio hits the rat with a +3 rapier of venom!
The rat dies!
The rat's corpse disappears in a puff of smoke!
Eustachio looks more healthy.
Eustachio hits the white imp with a +3 rapier of venom.
The white imp is poisoned.
Okay, then.
The white imp disappears in a puff of smoke!
Eustachio refuses to make way for you. (Use ctrl+direction or * direction to attack.) Eustachio refuses to make way for you. (Use ctrl+direction or * direction to attack.) Eustachio hits you with a +3 rapier of venom!
You are poisoned.
You feel very sick.
You feel sick.
Eustachio shouts!
Eustachio hits you with a +3 rapier of venom!
You die...

...5..............# #....
..........(.......# #....
..................# #.#'#
[.................# #.#.#
..................# #.#..
..................# #.###
.........÷........# #...'
........÷....@.# #####
.............@.##############.
..............................
................#....#........
................#....#.......#
.....................#........
...............#.....#........
...............#.....#........
.............#.....#.......#
..........#.....#........


You could see the neutral Eustachio (fast, strong, insane).

Vanquished Creatures
  A water moccasin (D:3)
  A howler monkey (D:5)
  A centaur skeleton (D:5)
  An iguana (D:5)
  A killer bee zombie (D:5)
  3 gnolls (D:3)
  5 adders
  A worm (D:2)
  2 dart slugs (D:2)
  11 orcs
  7 bats
  8 endoplasms
  2 giant cockroaches
  8 goblins
  2 hobgoblins (D:2)
  2 jackals (D:1)
  8 kobolds
  2 quokkas
  7 ball pythons
  5 frilled lizards
  5 rats
83 creatures vanquished.

Vanquished Creatures (others)
  A hobgoblin (D:4)
1 creature vanquished.

Grand Total: 84 creatures vanquished

Notes
Turn   | Place    | Note
-------+----------+-------------------------------------------
     0 | D:5      | hawla the Deep Elf Delver began the quest for the Orb.
     0 | D:5      | Reached XP level 1. HP: 13/13 MP: 3/3
    15 | D:5      | Found a staircase to the Ecumenical Temple.
    21 | Temple   | Entered the Ecumenical Temple
   106 | Temple   | Became a worshipper of Ashenzari the Shackled
   201 | D:4      | Found a white marble altar of Elyvilon.
   489 | D:1      | Reached XP level 2. HP: 18/18 MP: 4/4
  1389 | D:1      | Found a faded altar of an unknown god.
  1530 | D:2      | Reached XP level 3. HP: 22/22 MP: 5/5
  1533 | D:2      | Learned a level 2 spell: Corpse Rot
  1628 | D:2      | Reached skill level 7 in Stealth
  1776 | D:2      | Found Guroer's Book Emporium.
  2031 | D:3      | Reached * piety under Ashenzari
  2332 | D:3      | Noticed a water moccasin
  2339 | D:3      | Killed a water moccasin
  2340 | D:3      | Reached skill level 8 in Stealth
  2340 | D:3      | Reached XP level 4. HP: 29/29 MP: 6/6
  2340 | D:3      | Reached XP level 5. HP: 33/33 MP: 7/7
  2403 | D:3      | Found a hazy altar of Hepliaklqana.
  3235 | D:4      | Reached XP level 6. HP: 38/38 MP: 8/8
  3453 | D:5      | Reached skill level 9 in Stealth
  3721 | D:5      | Noticed Eustachio
  3767 | D:5      | Slain by Eustachio

Illustrated notes

Levels and vault maps discovered:
D:1:      lightli_arrival_statuegarden, layout_loops_ring,
          hellmonk_ecumenical_altar_zigzags
D:2:      layout_rooms, serial_shops, nicolae_shop_window_shopping
D:3:      layout_loops_ring, mainiacjoe_overflow_alcove_4,
          minmay_fractal_squares_diagonal_5
D:4:      layout_cave_pools, elyvilon_altar_4, kennysheep_generic_room_11,
          uniq_sigmund
D:5:      layout_basic, minmay_temple_entry_hall, minmay_misc_feat_four_crosses,
          minmay_fractal_squares_5, uniq_eustachio
Temple:   cyrus_circular_temple

Skill      XL: |  1  2  3  4  5  6 |
---------------+-------------------+-----
Stealth        | 8 9 |  9.0
Short Blades   | 3 |  3.8
Dodging        | 3 |  3.4
Fighting       | 3 |  3.0

Action                   |  1- 3 |  4- 6 || total
-------------------------+-------+-------++-------
Melee: Short sword       |    34 |       ||    34
       Dagger            |    76 |   108 ||   184
Throw: Dart              |       |    15 ||    15
       Throwing net      |       |     1 ||     1
Invok: Curse Item        |     2 |       ||     2
  Use: Potion            |     2 |     3 ||     5
       Scroll            |       |     1 ||     1
 Stab: Sleeping          |    20 |    14 ||    34
       Distracted        |     1 |     1 ||     2
Armor: Leather armour    |    18 |    24 ||    42
Dodge: Dodged            |    59 |   101 ||   160
